 Dungeon Crawl Stone Soup version 0.15.2 (webtiles) character file.

373 Amnesiac the Cutter (level 7, -1/41 HPs)
             Began as a Halfling Enchanter on Oct 10, 2017.
             Succumbed to a killer bee's poison
             ... on Level 7 of the Dungeon.
             The game lasted 00:08:07 (2781 turns).

Amnesiac the Cutter (Halfling Enchanter)            Turns: 2781, Time: 00:08:07

HP  -1/41        AC  8     Str  8      XL: 7   Next:  3%
MP   2/10        EV 15     Int 21      God:
Gold 118         SH  0     Dex 15      Spells:  3 memorised,  1 level left

rFire  . . .     SeeInvis .     e - +1 dagger (protect)
rCold  . . .     Clarity  .     b - +1 robe
rNeg   . . .     rCorr    .     (no shield)
rPois  .         rRot     .     (no helmet)
rElec  .         Spirit   .     (no cloak)
SustAb .         Warding  .     (no gloves)
rMut   .         Stasis   .     (no boots)
Gourm  .                        (no amulet)
MR     .....                    (no ring)
                                (no ring)

@: brilliant, lethally poisoned, very slightly contaminated, starving, not
resistant to hostile enchantments, fairly stealthy
A: mutation resistance 1
a: no special abilities


You were on level 7 of the Dungeon.
You were starving.

You visited 1 branch of the dungeon, and saw 7 of its levels.

You collected 118 gold pieces.

Inventory:

Hand weapons
 e - a +1 dagger of protection (weapon)
 q - a +0 trident
Armour
 b - a +1 robe (worn)
Magical devices
 n - a wand of disintegration (12) {unknown}
Comestibles
 d - 6 bread rations
 p - a meat ration
Scrolls
 a - 2 scrolls of remove curse {!r, unknown}
 f - a scroll of teleportation {!r, unknown}
 h - a scroll of immolation {!r, unknown}
 i - a scroll of amnesia {!r, unknown}
 j - a scroll of fear {!r, unknown}
 l - a scroll of recharging {!r, unknown}
 t - a scroll of enchant weapon {!r, unknown}
 v - 2 scrolls of identify {!r, unknown}
 x - a scroll of blinking {!r, unknown}
 y - a scroll of holy word {!r, unknown}
Jewellery
 o - an uncursed ring of see invisible {unknown}
Potions
 g - a potion of restore abilities {!q}
 k - a potion of curing {!q, unknown}
 m - a potion of agility {!q, unknown}
 r - a potion of poison {!q}
 s - a potion of brilliance {!q}
 u - a potion of cure mutation {!q, unknown}
 w - a potion of berserk rage {!q, unknown}
Books
 c - a book of Maledictions

   Spells                             Type                      Level
   *Corona                            Hexes                        1
   Sure Blade                         Hexes/Charms                 2
   Ensorcelled Hibernation            Hexes/Ice                    2
   *Confuse                           Hexes                        3
   Dazzling Spray                     Conjuration/Hexes            3
   *Enslavement                       Hexes                        4


   Skills:
 - Level 7.0 Short Blades
 - Level 2.1 Dodging
 - Level 4.0 Stealth
 + Level 1.9 Spellcasting
 * Level 3.5 Hexes


You had one spell level left.
You knew the following spells:

 Your Spells              Type           Power        Failure   Level  Hunger
a - Corona                Hex            ####...      1%          1    #......
b - Enslavement           Hex            ####....     4%          4    #####..
e - Confuse               Hex            ####....     1%          3    ###....


Dungeon Overview and Level Annotations

Branches:
Dungeon (7/15)
 Temple: D:4-7

Altars:
Ashenzari
Nemelex Xobeh
Xom
Yredelemnul
The Shining One

Annotations:
D:5 Edmund


Innate Abilities, Weirdness & Mutations

You are small and have problems with some larger weapons.
You are somewhat resistant to further mutation.


Message History

Press: ? - help, Shift-Dir - straight line, f/p - killer bee
Aim: a killer bee (softly glowing)
You miscast Confuse.
You are very lightly contaminated with residual magic.
You feel a strange surge of energy! The killer bee closely misses you.
The killer bee completely misses you.
Casting: Confuse
Confirm with . or Enter, or press ? or * to list all spells.
Aiming: Confuse
Press: ? - help, Shift-Dir - straight line, f/p - killer bee
Aim: a killer bee (softly glowing)
The killer bee resists.
You feel sick.
The killer bee stings you but does no damage. x2
Casting: Confuse
Confirm with . or Enter, or press ? or * to list all spells.
Aiming: Confuse
Press: ? - help, Shift-Dir - straight line, f/p - killer bee
Aim: a killer bee (softly glowing)
The killer bee resists.
You are starving!
The killer bee completely misses you. x2
You closely miss the killer bee. The killer bee misses you.
The killer bee stings you but does no damage.
You feel sick. The killer bee closely misses you. The killer bee misses you.
The killer bee stings you.
You feel sick. The killer bee stings you.
The killer bee stops glowing.
The killer bee completely misses you. The killer bee closely misses you.
You feel sick. The killer bee stings you. The killer bee stings you!
* * * LOW HITPOINT WARNING * * *
The killer bee completely misses you. The killer bee stings you.
* * * LOW HITPOINT WARNING * * *
You are more poisoned.
The killer bee poisons you!
* * * LOW HITPOINT WARNING * * *
You feel sick. The killer bee barely misses you.
* * * LOW HITPOINT WARNING * * *
You feel sick. The killer bee barely misses you.
There is a stone staircase leading up here.
Drink which item? (? for menu, Esc to quit)
Really quaff
r - 2 blue potions {!q}?
That liquid tasted very nasty...
You are lethally poisoned!
It was a potion of poison {!q}.
* * * LOW HITPOINT WARNING * * *
You feel sick. The killer bee barely misses you. The killer bee stings you.
* * * LOW HITPOINT WARNING * * *
You are more poisoned.
The killer bee poisons you!
Drink which item? (? for menu, Esc to quit)
Really quaff
s - 2 smoky blue potions {!q}?
You feel clever all of a sudden.
It was a potion of brilliance {!q}.
* * * LOW HITPOINT WARNING * * *
You feel very sick. The killer bee barely misses you.
The killer bee misses you.
Drink which item? (? for menu, Esc to quit)
Really quaff
g - 2 orange potions {!q}?
You feel refreshed.
It was a potion of restore abilities {!q}.
You die...

.... #..# . #..#
... #..# #.#
#########..# #.#
#.yyy..y##.## #.#
#.#####.##y.# #.#
#.#####y##.y## #.#
#y#..@yy##...###.##
#y########..y.....+
#s..s.yyy..#......#
##########.##.)...#
#.##.....#
#.##.....#
...........
#.###.#.#### ...
#...#


You could see 3 killer bees.

Vanquished Creatures
  An ogre (D:4)
  A scorpion (D:4)
  A water moccasin zombie (D:6)
  2 orc priests (D:4)
  A hound (D:4)
  A worker ant (D:4)
  3 adders
  A giant mite (D:4)
  A giant gecko (D:1)
  An ooze (D:2)
  3 orcs (D:4)
  A bat skeleton (D:4)
  A bat zombie (D:5)
  3 giant cockroaches
  7 goblins
  5 hobgoblins
  2 jackals (D:1)
  3 kobolds (D:4)
  6 bats
  2 quokkas (D:5)
  5 rats
51 creatures vanquished.

Notes
Turn   | Place    | Note
--------------------------------------------------------------
     0 | D:1      | Amnesiac, the Halfling Enchanter, began the quest for the Orb.
     0 | D:1      | Reached XP level 1. HP: 11/11 MP: 2/2
   123 | D:1      | Reached XP level 2. HP: 15/17 MP: 0/3
   381 | D:3      | Reached skill level 4 in Stealth
   381 | D:3      | Reached XP level 3. HP: 21/21 MP: 1/5
   554 | D:3      | Found a shimmering altar of Xom.
   557 | D:3      | Found a glowing golden altar of the Shining One.
   624 | D:3      | Learned a level 3 spell: Confuse
   831 | D:4      | Noticed a scorpion
   855 | D:4      | Killed a scorpion
   855 | D:4      | Reached XP level 4. HP: 2/27 MP: 3/6
   855 | D:4      | HP: 1/27 [poisoned by a scorpion]
  1039 | D:4      | Reached XP level 5. HP: 14/31 MP: 0/7
  1357 | D:4      | Noticed an ogre
  1549 | D:4      | Killed an ogre
  1549 | D:4      | Reached skill level 6 in Short Blades
  1549 | D:4      | Reached XP level 6. HP: 36/36 MP: 1/9
  1836 | D:4      | Reached skill level 7 in Short Blades
  1905 | D:4      | Learned a level 4 spell: Enslavement
  2494 | D:5      | Entered Level 5 of the Dungeon
  2533 | D:5      | Found a basalt altar of Yredelemnul.
  2563 | D:5      | Noticed Edmund
  2675 | D:6      | Found a shattered altar of Ashenzari.
  2675 | D:6      | Found a sparkling altar of Nemelex Xobeh.
  2704 | D:6      | Reached XP level 7. HP: 41/41 MP: 3/10
  2780 | D:7      | HP: 1/41 [poisoned by a killer bee]
  2781 | D:7      | Succumbed to a killer bee's poison

Action                   |  1- 3 |  4- 6 |  7- 9 || total
-------------------------+-------+-------+-------++-------
Melee: Dagger            |   134 |    99 |     2 ||   235
 Cast: Corona            |    21 |    11 |     1 ||    33
       Confuse           |       |    14 |     2 ||    16
  Use: Potion            |       |     1 |     3 ||     4
 Stab: Sleeping          |     5 |     4 |     1 ||    10
       Confused          |       |     6 |       ||     6
       Distracted        |       |     1 |       ||     1
  Eat: Chunk             |     1 |     7 |       ||     8
